Map: Whirlwind LE (Void)

Players

Emil

  • Race: Zerg Zerg
  • League: Diamond
  • Spawn Location: 11:00

TeaCup - Winner!

  • Race: Terran Terran
  • League: Diamond
  • Spawn Location: 1:00

VOD

Have the link to the VOD?

Description

Time

  • Played on: Nov. 28, 2016, 10:34 a.m.
  • Length: 12:28
Show
View Real Time Build Order
Export as new Build Order

Emil Zerg 

Build Orders: Hatch First 

Get SALT Encoding   

  12  0:05  Drone  
  13  0:08  Drone  
  14  0:22  Overlord  
  14  0:25  Extractor  
  14  0:26  Drone  
  15  0:43  Drone x2  
  15  0:49  Drone  
  18  0:59  Hatchery  
  17  1:05  Drone  
  17  1:08  Extractor  
  17  1:12  Drone  
  18  1:27  Spawning Pool, Drone  
  18  1:31  Drone  
  19  1:42  Overlord  
  19  1:53  Drone  
  20  2:06  Drone  
  21  2:14  Queen x2  
  25  2:16  Metabolic Boost  
  25  2:18  Zergling x4  
  27  2:24  Drone  
  27  2:28  Spore Crawler  
  27  2:35  Drone x2  
  27  2:36  Drone  
  30  2:47  Spore Crawler  
  30  2:49  Extractor  
  28  2:53  Drone x2  
  28  2:56  Drone  
  28  2:58  Queen  
  35  3:17  Queen  
  36  3:23  Extractor  
  36  3:26  Drone  
  36  3:27  Overlord  
  36  3:33  Pneumatized Carapace  
  36  3:36  Overlord  
  36  3:43  Roach Warren  
  36  3:47  Drone  
  36  3:48  Drone x6  
  42  4:02  Evolution Chamber, Overlord  
  41  4:04  Drone x4  
  45  4:14  Drone x2  
  47  4:23  Extractor  
  46  4:26  Roach x3  
  46  4:27  Roach  
  46  4:30  Lair  
  54  4:31  Drone  
  54  4:32  Drone x3  
  58  4:41  Roach  
  58  4:44  Spore Crawler  
  58  4:45  Spore Crawler  
  58  4:50  Roach  
  58  4:51  Overlord x2  
  60  4:58  Overlord  
  60  5:27  Drone x4  
  60  5:28  Drone x5  
  69  5:30  Extractor  
  69  5:31  Hatchery  
  69  5:34  Hydralisk Den  
  66  5:51  Glial Reconstitution, Evolution Chamber  
  66  5:52  Zerg Missile Weapons Level 1  
  66  5:55  Extractor  
  64  6:09  Roach x8  
  80  6:13  Grooved Spines  
  80  6:28  Overlord x3  
  80  6:34  Infestation Pit  
  80  6:39  Extractor  
  76  6:46  Zerg Ground Armor Level 1  
  66  6:53  Hydralisk  
  66  6:54  Hydralisk x4  
  76  7:04  Drone  
  76  7:05  Drone x5  
  82  7:13  Drone  
  82  7:14  Drone  
  84  7:24  Drone x6  
  84  7:29  Burrow, Tunneling Claws  
  90  7:31  Hydralisk x2  
  90  7:32  Hydralisk  
  96  7:39  Spore Crawler  
  96  7:40  Spine Crawler  
  94  7:48  Overlord x3  
  94  7:56  Hydralisk  
  94  7:57  Hydralisk x4  
  102  8:22  Drone  
  102  8:23  Drone x9  
  102  8:26  Hive  
  112  8:27  Pathogen Glands  
  112  8:51  Hatchery  
  112  8:53  Roach x8  
  112  8:54  Roach  
  129  8:59  Overlord x4  
  129  9:04  Roach x5  
  129  9:06  Zerg Missile Weapons Level 2  
  129  9:10  Overlord x5  
  129  9:13  Roach x2  
  129  9:14  Roach  
  129  9:18  Roach  
  129  9:19  Extractor, Roach x4  
  129  9:22  Extractor  
  137  9:29  Hydralisk  
  137  9:30  Hydralisk x3  
  145  9:38  Roach x3  
  145  9:43  Roach x3  
  145  9:47  Viper x2  
  149  10:05  Hydralisk x3  
  149  10:06  Hydralisk x4  
  157  10:15  Roach x2  
  157  10:22  Hydralisk  
  157  10:23  Hydralisk x4  
  167  10:31  Drone x7  
  167  10:32  Drone  
  171  10:47  Hydralisk  
  171  10:48  Hydralisk x2  
  175  10:59  Viper  
  178  11:06  Zergling x2  
  178  11:07  Zergling x22  
  190  11:11  Overlord  
  190  11:14  Muscular Augments  
  190  11:20  Queen  
  106  11:49  Hydralisk x10  
  106  11:50  Hydralisk x7  
Show
View Real Time Build Order
Export as new Build Order

TeaCup Terran - Winner!

Build Orders: Liberator Opening, Reaper Expand, Mech 

Get SALT Encoding   

  12  0:00  SCV  
  13  0:13  SCV  
  14  0:17  Supply Depot  
  14  0:25  SCV  
  15  0:38  SCV  
  15  0:39  Barracks  
  16  0:44  Refinery  
  16  0:51  SCV  
  17  1:03  SCV  
  18  1:15  SCV  
  19  1:28  Reaper  
  19  1:29  Orbital Command  
  20  1:40  Command Center  
  20  1:55  Supply Depot, SCV  
  21  2:03  Barracks Reactor  
  21  2:07  SCV  
  22  2:08  Refinery  
  22  2:20  SCV  
  23  2:23  Factory  
  23  2:32  SCV  
  24  2:43  Marine x2  
  26  2:44  SCV  
  27  2:55  Orbital Command  
  27  3:00  Bunker, Marine  
  27  3:01  Marine  
  28  3:10  SCV  
  29  3:17  Starport  
  29  3:18  Marine x2  
  31  3:21  SCV  
  31  3:22  SCV  
  33  3:33  SCV  
  35  3:34  SCV  
  35  3:37  Liberator  
  35  3:46  SCV  
  35  3:47  Hellion x2  
  40  3:48  SCV  
  40  3:53  Marine  
  45  4:00  Supply Depot  
  45  4:03  SCV  
  45  4:05  Supply Depot  
  45  4:06  Supply Depot  
  46  4:22  SCV x2  
  48  4:24  Hellion x2  
  48  4:27  Barracks Reactor  
  52  4:31  Command Center  
  52  4:34  Factory  
  52  4:36  SCV  
  53  4:38  SCV  
  54  4:50  Supply Depot  
  54  4:51  SCV x2  
  56  5:02  Cyclone  
  56  5:03  Cyclone  
  56  5:06  SCV  
  56  5:07  SCV  
  65  5:21  SCV  
  65  5:25  Cyclone  
  65  5:27  Cyclone  
  65  5:28  Factory  
  71  5:29  SCV  
  72  5:37  SCV  
  72  5:40  Refinery  
  72  5:41  Refinery  
  72  5:42  Barracks Reactor, Barracks Tech Lab  
  73  5:45  Hellion x2  
  73  5:49  SCV  
  78  5:50  Orbital Command, SCV  
  78  5:55  Armory  
  79  6:03  SCV  
  77  6:04  SCV  
  77  6:09  Armory  
  78  6:16  Hellion x2  
  82  6:19  Hellion x2  
  82  6:21  Orbital Command  
  82  6:25  Hellion  
  88  6:28  SCV x2  
  87  6:43  SCV x2  
  89  6:47  Hellion  
  89  6:48  Hellion  
  89  6:52  Terran Vehicle Weapons Level 1  
  93  6:54  Siege Tank, Hellion x2, Supply Depot  
  93  6:56  Starport Reactor, Terran Vehicle And Ship Armor Level 1  
  93  6:58  Supply Depot  
  93  7:01  Supply Depot  
  100  7:08  SCV  
  101  7:16  Hellion x2, SCV x2  
  101  7:20  Cyclone x2  
  113  7:24  Supply Depot  
  113  7:25  Supply Depot  
  113  7:33  SCV x2  
  113  7:34  SCV  
  113  7:36  Liberator x2  
  116  7:41  Unknown  
  116  7:43  Hellion  
  116  7:44  Hellion  
  120  7:46  Infernal Pre-Igniter  
  120  7:56  SCV x2  
  128  8:10  Hellion x2  
  128  8:11  Hellion x2  
  136  8:13  Siege Tank  
  135  8:23  Supply Depot  
  135  8:26  Supply Depot  
  135  8:27  Supply Depot  
  135  8:28  Supply Depot  
  135  8:30  Refinery  
  135  8:32  Refinery  
  135  8:33  Hellion  
  139  8:44  Medivac x2  
  139  8:45  SCV x3  
  139  8:47  Siege Tank  
  149  8:48  Hellion  
  149  8:54  Terran Vehicle Weapons Level 2  
  149  8:57  SCV  
  149  9:01  Supply Depot  
  149  9:02  Terran Vehicle And Ship Armor Level 2  
  150  9:06  Hellion  
  152  9:11  Hellion x3  
  152  9:12  SCV  
  152  9:13  SCV  
  152  9:14  SCV  
  161  9:23  Siege Tank  
  164  9:24  SCV  
  164  9:27  Medivac x2  
  165  9:32  Engineering Bay  
  159  9:50  SCV x3  
  161  10:01  Siege Tank  
  161  10:02  Hellion x2  
  161  10:03  Hellion  
  163  10:09  SCV, Missile Turret  
  163  10:10  SCV x2  
  165  10:19  Missile Turret  
  165  10:20  Hellion  
  167  10:26  SCV x3  
  170  10:37  Missile Turret  
  170  10:41  SCV x3  
  170  10:43  Siege Tank, Hellion  
  170  10:44  Hellion x3  
  180  10:55  Viking  
  180  11:08  Viking  
  182  11:12  Supply Depot, Missile Turret  
  165  11:45  Siege Tank, Hellion x2  
  165  11:46  Hellion x2  
  164  11:55  Viking  
  164  11:56  Viking  
Tags
 
Add a new tag
Caveats
  • Supply blocks, unpowered buildings, or Contaminate may cause inaccurate times.
  • Supply counts are checked every 10 seconds.